 Dungeon Crawl Stone Soup version 0.26.0-10-g1f06aea511 (webtiles) character file.

Game seed: 11641484055628705735

10882 Arzdou the Cleaver (level 11, -1/101 HPs)
             Began as a Minotaur Berserker on Jan 19, 2021.
             Was a High Priest of Trog.
             Killed from afar by a tengu conjurer (19 damage)
             ... with a bolt of magma
             ... on level 9 of the Dungeon.
             The game lasted 00:47:10 (9463 turns).

Arzdou the Cleaver (Minotaur Berserker)             Turns: 9463, Time: 00:47:11

Health: -1/101     AC: 18    Str: 21    XL:     11   Next: 42%
Magic:  0/10       EV: 10    Int:  4    God:    Trog [*****.]
Gold:   168        SH: 12    Dex: 14    Spells: 10/10 levels left

rFire    x . .     SeeInvis .   N - +3 hand axe
rCold    + . .     Faith    .   L - +0 tower shield
rNeg     . . .     Spirit   +   G - +0 plate armour
rPois    .         Reflect  .   (helmet restricted)
rElec    .         Harm     .   M - +0 cloak
rCorr    .         Rampage  .   m - +0 pair of gloves
Will     .....                  w - +0 pair of boots
Stlth    ..........             v - amulet of guardian spirit
HPRegen  0.26/turn              c - +4 ring of evasion
MPRegen  0.12/turn              R - ring of ice

@: berserk cooldown, hasted and slowed
A: retaliatory headbutt, horns 2
a: Renounce Religion, Berserk, Trog's Hand, Brothers in Arms


You were on level 9 of the Dungeon.
You worshipped Trog.
Trog was extremely pleased with you.
You visited 1 branch of the dungeon, and saw 9 of its levels.
You also visited: Sewer and Ossuary.

You collected 488 gold pieces.
You spent 320 gold pieces at shops.

Inventory:

Hand Weapons
 F - a +1 war axe of freezing
 N - a +3 hand axe (weapon)
 O - a +2 short sword
 Q - a +0 dagger
Armour
 m - a +0 pair of gloves (worn)
 w - a +0 pair of boots (worn)
 G - a +0 plate armour (worn)
 L - a +0 tower shield (worn)
 M - a +0 cloak (worn)
Jewellery
 c - a +4 ring of evasion (left hand)
 h - an uncursed amulet of magic regeneration
 l - an uncursed ring of protection from fire
 v - an amulet of guardian spirit (around neck)
 R - a ring of ice (right hand)
Wands
 a - a wand of paralysis (9)
 J - a wand of acid (7)
Scrolls
 b - 6 scrolls of remove curse
 e - 2 scrolls of immolation
 j - 4 scrolls of fear
 o - 3 scrolls of identify
 p - a scroll of noise {unknown}
 s - 6 scrolls of teleportation
 u - 2 scrolls of magic mapping
 x - a scroll of enchant armour {unknown}
 y - a scroll of blinking {unknown}
 A - a scroll of brand weapon
 C - 5 scrolls of amnesia {unknown}
 E - a scroll of enchant weapon
 H - a scroll of random uselessness {unknown}
 K - 2 scrolls of torment {unknown}
Potions
 d - 4 potions of brilliance
 f - 6 potions of curing
 g - a potion of heal wounds
 i - 2 potions of cancellation
 k - a potion of attraction
 n - 4 potions of haste
 q - 2 potions of resistance
 r - a potion of mutation
 t - 4 potions of degeneration
 z - 2 potions of ambrosia
 B - a potion of lignification
 D - a potion of berserk rage
 I - a potion of magic
 P - 2 potions of flight


   Skills:
 + Level 10.4 Fighting
 * Level 13.6 Axes
 + Level 10.1 Armour
 + Level 9.2 Dodging


You had 10 spell levels left.
You didn't know any spells.
Your spell library was empty.

Dungeon Overview and Level Annotations

Branches:
Dungeon (9/15)             Temple (0/1) D:6           Sewer (visited)
Ossuary (visited)
   Lair: D:8-11         Orc: D:9-12

Altars:
Cheibriados
Dithmenos
Elyvilon
Fedhas
Kikubaaqudgha
Nemelex Xobeh
Qazlal
Ru
Sif Muna
Trog
Uskayaw
Vehumet
Wu Jian
Zin
The Shining One

Shops:
D:6 [   D:8 *=?*(   D:9 }


Innate Abilities, Weirdness & Mutations

You reflexively headbutt those who attack you in melee.
You have a pair of horns on your head.


Message History

You feel yourself speed up.
A shadow imp comes into view.
The orc barely misses you. You block the orc's attack.
You feel better.
The shadow imp shouts!
The battlesphere dissipates.
The orc hits you but does no damage.
The shadow imp lashes its tail.
The tengu conjurer barely misses you. You block the tengu conjurer's attack.
The tengu conjurer claws you but does no damage.
The orc hits you but does no damage.
You slash the orc!
You kill the orc!
Trog accepts your kill.
You hit the tengu conjurer. You block the tengu conjurer's attack.
The tengu conjurer pecks you but does no damage.
The tengu conjurer claws you but does no damage.
The tengu conjurer gestures at you while chanting.
The bolt of magma hits you!! The lava burns you terribly!
You die...

.....##..##.....##....#..##.....#
...#...#####....##..####.####..##
..##..##...#####.#.......###...##
......#(.o...#.#..........#.....#
#..####T####..##.#........###..##
##(#..oo...#...# ##......## ####
###.Q...⌠.##T####.....###
#....⌠..##)888#.....##
.'..*⌠...#8.Q.@'......#
.##..⌠....##5888#......######
.###.⌠...⌠.##'####..#........#
##.#.......#...#....##.#####.#
#..#### #..##......## ......#
'.#.#.....## ......## .##
##.....# .......##### #......#
...####....# ###..###


You could see a troll, a tengu conjurer and a shadow imp.

Vanquished Creatures
  Gastronok (D:9)
  Harold (D:7)
  2 two-headed ogres
  An ugly thing (D:9)
  A cyclops (D:9)
  A komodo dragon (D:9)
  2 hornets (D:9)
  A troll (D:9)
  Sigmund (D:2)
  2 wyverns (D:9)
  Menkaure (Ossuary)
  6 sky beasts
  5 orc warriors
  2 phantoms
  A centaur (D:7)
  3 ogres
  8 big kobolds
  A gnoll sergeant (D:6)
  9 bullfrogs
  2 scorpions
  4 killer bees (D:9)
  3 wights (D:6)
  4 howler monkeys
  2 bullfrog zombies
  3 hounds
  3 jellies
  15 orc wizards
  4 orc priests
  Crazy Yiuf (D:2)
  A centaur zombie (D:9)
  A bullfrog skeleton (D:5)
  5 iguanas (D:9)
  Natasha (thrice) (D:2)
  7 worker ants
  A hound skeleton (D:4)
  3 mummies (Ossuary)
  12 gnolls
  A howler monkey skeleton (D:9)
  3 river rats (Sewer)
  14 adders
  2 shadow imps
  2 white imps (D:8)
  An ufetubus (D:9)
  3 oozes
  2 adder skeletons
  8 worms
  3 dart slugs
  A dart slug (shapeshifter) (D:9)
  8 leopard geckos
  33 orcs
  4 ball pythons
  7 bats
  7 giant cockroaches
  2 gnoll zombies (Ossuary)
  5 goblins
  9 hobgoblins
  7 jackals
  19 kobolds
  4 quokkas
  9 frilled lizards
  5 gnoll skeletons (Ossuary)
  5 goblin skeletons (Ossuary)
  3 goblin zombies (Ossuary)
  4 hobgoblin skeletons (Ossuary)
  3 hobgoblin zombies (Ossuary)
  9 kobold zombies (Ossuary)
  8 orc skeletons (Ossuary)
  5 orc zombies (Ossuary)
  2 quokka skeletons
  9 rats
  3 rat skeletons (Ossuary)
  3 rat zombies (Ossuary)
336 creatures vanquished.

Vanquished Creatures (others)
  17 plants
17 creatures vanquished.

Grand Total: 353 creatures vanquished

Notes
Turn   | Place    | Note
-------+----------+-------------------------------------------
     0 | D:1      | Arzdou the Minotaur Berserker began the quest for the Orb.
     0 | D:1      | Reached XP level 1. HP: 19/19 MP: 0/0
   129 | D:1      | Reached XP level 2. HP: 27/27 MP: 1/1
   182 | D:1      | Reached skill level 4 in Axes
   530 | D:2      | Noticed Sigmund
   551 | D:2      | HP: 1/27 [something (8)]
   855 | D:2      | Reached XP level 3. HP: 33/33 MP: 2/2
  1015 | D:2      | Noticed Natasha
  1028 | D:2      | Killed Natasha
  1028 | D:2      | Reached ** piety under Trog
  1192 | D:2      | Found a snail-covered altar of Cheibriados.
  1272 | D:2      | Reached XP level 4. HP: 36/40 MP: 3/3
  1382 | D:2      | Noticed Natasha
  1399 | D:2      | Killed Natasha
  1498 | D:2      | Noticed Natasha
  1512 | D:2      | Killed Natasha
  1513 | D:2      | Reached skill level 5 in Axes
  1587 | D:2      | Killed Sigmund
  1588 | D:2      | Reached XP level 5. HP: 24/47 MP: 4/4
  1588 | D:2      | Reached XP level 6. HP: 28/55 MP: 5/5
  2023 | D:2      | Found a runed translucent door.
  2024 | D:2      | Noticed Crazy Yiuf
  2155 | D:2      | Killed Crazy Yiuf
  2156 | D:2      | Reached skill level 5 in Fighting
  2389 | D:3      | Found a white marble altar of Elyvilon.
  2432 | D:3      | Reached skill level 6 in Axes
  2889 | D:3      | Found a faded altar of an unknown god.
  3268 | D:4      | Found a sand-covered staircase.
  3274 | Ossuary  | Entered an ossuary
  3298 | Ossuary  | Reached *** piety under Trog
  3539 | Ossuary  | Reached **** piety under Trog
  3670 | Ossuary  | Noticed Menkaure
  3682 | Ossuary  | Killed Menkaure
  3683 | Ossuary  | Reached XP level 7. HP: 61/61 MP: 6/6
  3772 | D:4      | Reached skill level 7 in Axes
  3772 | D:4      | Reached skill level 5 in Armour
  4121 | D:4      | Found a bloodstained altar of Trog.
  4161 | D:4      | Found a shimmering blue altar of Sif Muna.
  4236 | D:4      | Reached XP level 8. HP: 70/70 MP: 7/7
  4407 | D:4      | Identified Sif Muna's Almanac of Weightlessness and
                  | Transmutation
  4495 | D:5      | Entered Level 5 of the Dungeon
  4499 | D:5      | Reached skill level 5 in Dodging
  4626 | D:5      | Found a white marble altar of Elyvilon.
  4642 | D:5      | Reached skill level 8 in Axes
  4875 | D:5      | Found a glowing drain.
  5103 | Sewer    | Entered a sewer
  5748 | D:6      | Reached skill level 9 in Axes
  5881 | D:6      | Reached ***** piety under Trog
  6013 | D:6      | Reached XP level 9. HP: 67/78 MP: 6/8
  6059 | D:6      | Found a staircase to the Ecumenical Temple.
  6151 | D:6      | Found an ornate altar of the Wu Jian Council.
  6154 | D:6      | Found an ancient bone altar of Kikubaaqudgha.
  6155 | D:6      | Found a glowing golden altar of the Shining One.
  6156 | D:6      | Found a shadowy altar of Dithmenos.
  6156 | D:6      | Found a blossoming altar of Fedhas.
  6157 | D:6      | Found a sacrificial altar of Ru.
  6204 | D:6      | Found Emahim's Armour Shop.
  6207 | D:6      | Bought a +0 tower shield for 58 gold pieces
  6207 | D:6      | Bought a +0 cloak for 58 gold pieces
  6415 | D:7      | Received a gift from Trog
  6520 | D:7      | Noticed Harold
  6529 | D:7      | Killed Harold
  6530 | D:7      | Reached skill level 10 in Axes
  6963 | D:7      | Found a sparkling altar of Nemelex Xobeh.
  6979 | D:7      | Found a stormy altar of Qazlal.
  6979 | D:7      | Found a glowing silver altar of Zin.
  6980 | D:7      | Found a radiant altar of Vehumet.
  6980 | D:7      | Found a hide-covered altar of Uskayaw.
  7002 | D:7      | Reached skill level 11 in Axes
  7494 | D:8      | Found Wesays's Jewellery Emporium.
  7507 | D:8      | Noticed a two-headed ogre
  7532 | D:8      | Killed a two-headed ogre
  7533 | D:8      | Reached XP level 10. HP: 58/90 MP: 6/9
  7697 | D:8      | Found Ytyrhy's Antique Weapon Boutique.
  7841 | D:8      | Found a glowing golden altar of the Shining One.
  7881 | D:8      | Found Anwavukh's Assorted Antiques.
  7901 | D:8      | Bought a scroll of identify for 66 gold pieces
  7901 | D:8      | Bought a scroll of identify for 66 gold pieces
  8008 | D:8      | Found Hafaeff's Magic Scroll Boutique.
  8051 | D:8      | Bought a scroll of identify for 24 gold pieces
  8051 | D:8      | Bought a scroll of identify for 24 gold pieces
  8051 | D:8      | Bought a scroll of identify for 24 gold pieces
  8317 | D:8      | Found Meetso Xahe's Assorted Antiques.
  8418 | D:9      | Reached skill level 12 in Axes
  8910 | D:9      | Noticed a two-headed ogre
  8919 | D:9      | Killed a two-headed ogre
  8946 | D:9      | Paralysed by a hornet for 2 turns
  8985 | D:9      | Noticed Gastronok
  9006 | D:9      | Killed Gastronok
  9007 | D:9      | Reached skill level 10 in Fighting
  9007 | D:9      | Reached skill level 13 in Axes
  9007 | D:9      | Reached XP level 11. HP: 99/99 MP: 10/10
  9181 | D:9      | Found Arituyde's Gadget Shoppe.
  9231 | D:9      | Noticed a white ugly thing
  9240 | D:9      | Killed a white ugly thing
  9415 | D:9      | Reached skill level 10 in Armour
  9463 | D:9      | Killed from afar by a tengu conjurer

Illustrated notes

Levels and vault maps discovered:
D:1:      psy_arrival_whirlpool, layout_rooms, serial_forest,
          infiniplex_forest_lined_room_3, infiniplex_forest_lined_room_,
          infiniplex_forest_side_room, infiniplex_forest_clump_small,
          infiniplex_forest_lined_ring, infiniplex_forest_clump_C,
          infiniplex_forest_straight_3, infiniplex_forest_lined_2,
          infiniplex_forest_clump_tiny, infiniplex_forest_straight_1
D:2:      minmay_general_purpose_star, layout_rooms, general_overflow_altar,
          uniq_sigmund, uniq_crazy_yiuf_cottage, uniq_natasha
D:3:      layout_loops_ring, chequers_ecumenical_altar_simple_redux,
          minmay_misc_feat_hallway, elyvilon_altar_1
D:4:      cheibrodos_quashed, layout_loops_ring,
          nzn_overflow_gifts_of_might_and_magic, enter_ossuary_1
D:5:      layout_cave_pools, gup_sewer_entry_bowl, basic_altar
D:6:      layout_rooms, minitemple, minmay_temple_entry_drinking_statues,
          serial_shops, kennysheep_mini, kennysheep_generic_room_15
D:7:      layout_layer_cave, grunt_temple_overflow_open, uniq_menkaure,
          uniq_harold
D:8:      layout_loops_ring, serial_shops, nicolae_shop_overgrown_old_shop,
          shop, kennysheep_mini_moat, shop, nicolae_shop_waterfront,
          nicolae_tso_carved_into_rock
D:9:      minmay_chambers_of_sevens, layout_cave_pools, orc_0_dummy,
          serial_shops, kennysheep_little_box, minmay_lizard_king,
          uniq_gastronok

Skill      XL: |  1  2  3  4  5  6  7  8  9 10 11 |
---------------+----------------------------------+-----
Axes           | 4 5 6 7 9 11 13 | 13.6
Fighting       | 4 5 6 7 8 10 | 10.4
Armour         | 3 4 5 6 8 9 10 | 10.1
Dodging        | 3 4 6 7 8 9 |  9.2

Action                   |  1- 3 |  4- 6 |  7- 9 | 10-12 || total
-------------------------+-------+-------+-------+-------++-------
Melee: Hand axe          |    62 |   182 |    51 |    84 ||   379
       Headbutt          |    10 |    41 |    60 |    58 ||   169
       War axe           |       |       |   273 |   181 ||   454
Invok: Berserk           |     1 |     6 |     4 |     6 ||    17
       Trog's Hand       |       |     4 |       |     1 ||     5
  Use: Scroll            |       |     1 |    10 |    11 ||    22
       Potion            |       |       |       |     6 ||     6
Armor: Ring mail         |     9 |    31 |    14 |       ||    54
       Plate armour      |       |       |   102 |   103 ||   205
Dodge: Dodged            |    30 |   109 |   127 |    73 ||   339
Block: Tower shield      |       |       |    65 |   154 ||   219
